 Dungeon Crawl Stone Soup version 0.23.2-1-ga50397a (webtiles) character file.

Game seed: 10796476845942712390

1904 whitewolfNL the Grappler (level 8, -2/79 HPs)
             Began as a Troll Berserker on Apr 30, 2019.
             Was a High Priest of Trog.
             Slain by a killer bee (6 damage)
             ... on level 6 of the Dungeon.
             The game lasted 00:25:46 (5178 turns).

whitewolfNL the Grappler (Troll Berserker)          Turns: 5178, Time: 00:25:47

Health: -2/79      AC:  6    Str: 33      XL:     8   Next: 94%
Magic:  7/7        EV: 17    Int:  8      God:    Trog [*****.]
Gold:   339        SH:  0    Dex: 15 (16) Spells: 7/7 levels left

rFire    . . .     SeeInvis .     - Unarmed
rCold    . . .     Gourm    +   (no shield)
rNeg     . . .     Faith    +   a - +0 animal skin
rPois    .         Spirit   .   (helmet restricted)
rElec    .         Reflect  .   (no cloak)
rCorr    .         Harm     .   (gloves unavailable)
MR       .....                  (boots unavailable)
Stlth    +++.......             g - amulet of faith
HPRegen  0.63/turn              e - +5 ring of strength
MPRegen  0.10/turn              G - +5 ring of slaying

@: brilliant, agile, lethally poisoned (-2 -> -5), berserk cooldown, slowed,
lightly drained, very slow
A: large, unfitting armour, claws 3, deterioration 1, fast metabolism 3,
gourmand, regeneration 1, shaggy fur 1, strong 1, tough skin 3
a: Berserk, Trog's Hand, Brothers in Arms, Renounce Religion


You were on level 6 of the Dungeon.
You worshipped Trog.
Trog was extremely pleased with you.
You were very full.

You visited 1 branch of the dungeon, and saw 7 of its levels.

You collected 358 gold pieces.
You spent 19 gold pieces at shops.

Inventory:

Hand Weapons
 E - a +2 falchion of protection
Missiles
 k - 138 arrows
 q - 11 javelins (quivered)
 B - 21 bolts
 C - 3 large rocks
Armour
 a - a +0 animal skin (worn)
 f - a +0 robe
Jewellery
 c - a +2 ring of strength
 e - a +5 ring of strength (left claw)
 g - an amulet of faith (around neck)
 m - a +1 ring of evasion
 p - an uncursed ring of positive energy
 s - a +3 ring of intelligence
 G - a +5 ring of slaying (right claw)
Wands
 F - a wand of digging (5)
Scrolls
 i - 5 scrolls of remove curse
 o - 4 scrolls of blinking
 t - 2 scrolls of magic mapping
 u - 2 scrolls of enchant weapon
 v - 2 scrolls of immolation
 w - a scroll of enchant armour {unknown}
 y - 2 scrolls of teleportation {unknown}
Potions
 d - a potion of mutation
 l - a potion of cancellation {unknown}
 r - a potion of haste {unknown}
 x - a potion of might {unknown}
 z - a potion of flight {unknown}
 A - 2 potions of magic
 D - a potion of degeneration {unknown}
Comestibles
 b - 21 rations


   Skills:
 * Level 4.5(4.4) Fighting
 * Level 4.0(3.9) Throwing
 + Level 4.5(4.4) Dodging
 - Level 2.0(1.9) Stealth
 + Level 8.1(8.0) Unarmed Combat


You had 7 spell levels left.
You didn't know any spells.
Your spell library was empty.

Dungeon Overview and Level Annotations

Branches:
Dungeon (7/15)             Temple (0/1) D:7

Altars:
Ashenzari
Dithmenos
Elyvilon
Fedhas
Ru
Sif Muna
Uskayaw
Wu Jian

Shops:
D:4 *


Innate Abilities, Weirdness & Mutations

You are too large for most types of armour.
You have claws for hands.
Your metabolism is lightning-fast.
You like to eat raw meat.
Your natural rate of healing is unusually fast.
You are covered in fur. (AC +1)
You have extremely tough skin. (AC +3)
Your body sometimes deteriorates upon taking damage.
Your muscles are strong. (Str +2)


Message History

The killer bee is severely wounded.
You feel sick. The killer bee closely misses you.
The killer bee barely misses you.
You scratch the killer bee.
The killer bee is almost dead.
You feel sick. The killer bee stings you.
* * * LOW HITPOINT WARNING * * *
You are more poisoned.
The killer bee poisons you! The killer bee barely misses you.
The killer bee stings you but does no damage.
It was a potion of agility.
You feel agile all of a sudden.
* * * LOW HITPOINT WARNING * * *
You feel very sick. The killer bee completely misses you.
The killer bee closely misses you. The killer bee completely misses you.
It was a potion of brilliance.
You feel clever all of a sudden.
You feel sick. The killer bee closely misses you. The killer bee stings you.
You die...

....#.....# #........##....###.
....#.....# #................#.
....#.....# #................#.
....#.....# ##.......##......#.
....#.....# #........##......#.
...##.....#####................#.
#######'###...##.....>.........#.
.................y.............#.
................@......#########.
.......................# ####
#############'##.......# #...
...............#.......# #...
...............#.......# #...
...............######### #...
...)...........# #.#.
...............# ###.
...............# #.


You could see a killer bee.

Vanquished Creatures
  The ghost of totalnoob the Firebug, an amateur DrFE (D:3)
  An orc warrior (D:6)
  2 ice beasts (D:6)
  2 ogres
  2 centaurs
  2 bullfrogs
  2 scorpions
  2 killer bees (D:7)
  4 wights (D:7)
  A crimson imp (D:6)
  A centaur zombie (D:7)
  4 hounds
  An orc wizard (D:7)
  Natasha (thrice) (D:3)
  A bullfrog skeleton (D:4)
  An iguana (D:4)
  3 worker ants
  A hound zombie (D:7)
  A hound skeleton (D:4)
  A howler monkey zombie (D:6)
  A worker ant zombie (D:6)
  7 adders
  A howler monkey skeleton (D:2)
  A shadow imp (D:5)
  An adder zombie (D:6)
  An adder skeleton (D:6)
  5 worms
  4 dart slugs
  4 leopard geckos
  7 orcs
  10 giant cockroaches
  7 goblins
  10 hobgoblins
  12 jackals
  2 quokkas
  3 ball pythons
  8 bats
  7 frilled lizards
  10 kobolds
  12 rats
149 creatures vanquished.

Vanquished Creatures (others)
  A bush (D:4)
1 creature vanquished.

Grand Total: 150 creatures vanquished

Notes
Turn   | Place    | Note
-------+----------+-------------------------------------------
     0 | D:1      | whitewolfNL the Troll Berserker began the quest for the
                  | Orb.
     0 | D:1      | Reached XP level 1. HP: 22/22 MP: 0/0
   118 | D:1      | Reached XP level 2. HP: 20/29 MP: 1/1
   321 | D:1      | Reached ** piety under Trog
   609 | D:1      | Reached XP level 3. HP: 36/36 MP: 2/2
   986 | D:2      | Found a white marble altar of Elyvilon.
   989 | D:2      | Reached skill level 1 in Throwing
  1044 | D:2      | Reached XP level 4. HP: 42/44 MP: 3/3
  1152 | D:2      | Found a deep blue altar of Sif Muna.
  1214 | D:2      | Found an ornate altar of the Wu Jian Council.
  1256 | D:2      | Reached *** piety under Trog
  1356 | D:2      | Noticed a bullfrog
  1366 | D:2      | Killed a bullfrog
  1366 | D:2      | Reached skill level 4 in Unarmed Combat
  1366 | D:2      | Reached XP level 5. HP: 38/52 MP: 4/4
  1726 | D:3      | Reached skill level 1 in Stealth
  1899 | D:3      | Noticed Natasha
  1902 | D:3      | Killed Natasha
  1939 | D:3      | Reached **** piety under Trog
  2277 | D:3      | Noticed Natasha
  2287 | D:3      | Killed Natasha
  2418 | D:3      | Noticed Natasha
  2424 | D:3      | Killed Natasha
  2597 | D:3      | Found a large runed translucent door.
  2599 | D:3      | Found a large runed translucent door.
  2599 | D:3      | Noticed totalnoob's ghost (amateur DrFE)
  2626 | D:3      | Killed totalnoob's ghost
  2626 | D:3      | Reached skill level 5 in Unarmed Combat
  2626 | D:3      | Reached XP level 6. HP: 61/61 MP: 5/5
  2799 | D:4      | Found a blossoming altar of Fedhas.
  2805 | D:4      | Gained mutation: Your body sometimes deteriorates upon
                  | taking damage. [potion of mutation]
  2805 | D:4      | Gained mutation: Your muscles are strong. (Str +2) [potion
                  | of mutation]
  2929 | D:4      | Found Edissomo's Assorted Antiques.
  2938 | D:4      | Bought a scroll labeled DONEUTA AW BENETH for 19 gold
                  | pieces
  2980 | D:4      | Found a shadowy altar of Dithmenos.
  3077 | D:4      | Reached XP level 7. HP: 67/67 MP: 6/6
  3651 | D:5      | Entered Level 5 of the Dungeon
  3700 | D:5      | Reached skill level 6 in Unarmed Combat
  3985 | D:5      | Found a shadowy altar of Dithmenos.
  3988 | D:5      | Found a sacrificial altar of Ru.
  3991 | D:5      | Found a shattered altar of Ashenzari.
  4220 | D:6      | Reached XP level 8. HP: 43/78 MP: 7/7
  4521 | D:6      | Received a gift from Trog
  4522 | D:6      | Reached ***** piety under Trog
  4534 | D:6      | Reached skill level 7 in Unarmed Combat
  4555 | D:6      | Noticed a +0 dagger
  4556 | D:6      | Noticed a +0 dagger
  4559 | D:6      | Found a hide-covered altar of Uskayaw.
  4981 | D:7      | Found a staircase to the Ecumenical Temple.
  5009 | D:7      | Reached skill level 8 in Unarmed Combat
  5024 | D:7      | HP: 2/79 [orc warrior/stone (17)]
  5178 | D:6      | Slain by a killer bee

Skill      XL: |  1  2  3  4  5  6  7  8 |
---------------+-------------------------+-----
Throwing       | 1 2 3 4 |  4.0
Dodging        | 3 4 |  4.5
Unarmed Combat | 4 5 6 8 |  8.1
Stealth        | 1 2 |  2.0
Fighting       | 3 4 |  4.5

Action                   |  1- 3 |  4- 6 |  7- 9 || total
-------------------------+-------+-------+-------++-------
Melee: Unarmed           |    85 |   145 |   138 ||   368
       Punch             |     1 |     2 |     7 ||    10
Invok: Berserk           |     1 |     3 |     5 ||     9
  Use: Scroll            |       |     4 |     5 ||     9
       Potion            |       |     2 |     3 ||     5
 Stab: Sleeping          |       |     3 |     6 ||     9
  Eat: Chunk             |    12 |    19 |    29 ||    60
Armor: Animal skin       |    53 |    13 |    39 ||   105
       Robe              |       |    28 |       ||    28
Dodge: Dodged            |    56 |    86 |   107 ||   249
